Map: Temple of the Past

Players

NamroodTuo

  • Race: Terran Terran
  • Spawn Location: 0:00

Helmes

  • Race: Terran Terran
  • Spawn Location: 0:00

VOD

Have the link to the VOD?

Description

Time

  • Played on: Feb. 1, 2023, 11:13 a.m.
  • Length: 26:27
Show
View Real Time Build Order
Export as new Build Order

NamroodTuo Terran 

Build Orders:  

Get SALT Encoding   

  12  0:03  SCV  
  13  0:19  Supply Depot  
  13  0:25  SCV  
  14  0:38  SCV  
  15  0:55  Factory  
  15  1:01  SCV  
  16  1:12  Supply Depot  
  16  1:15  SCV  
  17  1:33  SCV  
  18  1:51  Supply Depot  
  18  1:52  SCV  
  19  2:00  Perdition Turret  
  19  2:18  Armory  
  19  2:26  SCV  
  20  2:38  Engineering Bay  
  20  2:40  SCV  
  21  2:50  Devastation Turret  
  21  2:53  SCV  
  22  3:07  SCV  
  23  3:20  SCV, Perdition Turret  
  24  3:33  Devastation Turret  
  24  3:34  SCV  
  25  3:52  Devastation Turret  
  25  4:08  Perdition Turret  
  25  4:13  Refinery  
  25  4:15  SCV  
  26  4:23  Refinery  
  26  4:29  SCV  
  27  4:42  SCV  
  28  4:56  SCV  
  29  5:09  SCV  
  29  5:13  Devastation Turret  
  29  5:17  Devastation Turret  
  30  5:23  SCV  
  31  5:37  SCV  
  32  5:47  Supply Depot  
  32  5:50  SCV  
  33  6:04  SCV  
  33  6:07  Spinning Dizzy x2  
  34  6:17  SCV  
  34  6:18  Supply Depot  
  35  6:26  Terran Vehicle and Ship Weapons Level 1  
  35  6:31  SCV  
  36  6:44  SCV  
  36  6:49  Perdition Turret  
  37  6:58  SCV  
  38  7:07  Command Center  
  38  7:14  Upgrade Laser Drill Level 1  
  38  7:29  Perdition Turret  
  38  7:42  Devastation Turret  
  38  7:49  Supply Depot  
  38  7:55  SCV  
  39  8:08  SCV  
  39  8:09  Perdition Turret  
  40  8:22  SCV  
  40  8:29  Perdition Turret  
  41  8:31  Perdition Turret  
  41  8:33  Devastation Turret  
  41  8:47  Perdition Turret  
  41  9:01  SCV  
  42  9:15  SCV  
  42  9:19  Spinning Dizzy  
  43  9:28  SCV  
  44  9:42  SCV  
  44  9:45  Spinning Dizzy  
  43  9:55  SCV, Spinning Dizzy x2  
  44  10:10  Spinning Dizzy  
  44  10:11  Devastation Turret  
  44  10:28  SCV  
  45  10:38  Refinery  
  45  10:40  Devastation Turret  
  45  10:41  SCV, Refinery  
  45  10:47  Perdition Turret  
  45  10:48  Perdition Turret  
  46  10:50  Starport  
  46  10:55  SCV  
  46  10:56  Perdition Turret  
  47  11:08  SCV  
  48  11:10  Perdition Turret  
  48  11:15  Spinning Dizzy x2  
  48  11:22  SCV  
  49  11:35  SCV  
  50  11:49  SCV  
  51  11:56  Starport Tech Lab  
  51  11:58  SCV  
  52  12:02  SCV  
  53  12:10  Starport  
  53  12:11  Starport, SCV  
  53  12:14  Structure Armor  
  53  12:16  SCV, Terran Vehicle And Ship Armor Level 1  
  55  12:25  SCV  
  55  12:27  Devastation Turret  
  56  12:30  SCV  
  56  12:39  SCV  
  58  12:42  Devastation Turret  
  58  12:43  SCV  
  59  12:52  SCV  
  59  12:55  Devastation Turret  
  59  12:57  SCV  
  61  13:06  Spinning Dizzy  
  61  13:07  Spinning Dizzy  
  61  13:10  SCV  
  61  13:14  Hi-Sec Auto Tracking, Perdition Turret  
  62  13:22  Perdition Turret  
  62  13:23  Perdition Turret x2  
  62  13:24  Perdition Turret  
  62  13:39  Spinning Dizzy  
  62  13:53  Starport Reactor  
  62  13:54  Starport Tech Lab  
  62  14:01  Pulse Amplifier  
  62  14:16  Spinning Dizzy  
  62  14:17  Spinning Dizzy  
  62  14:30  Devastation Turret  
  62  14:32  Upgrade Laser Drill Level 2  
  62  14:35  Devastation Turret  
  62  14:50  SCV  
  63  15:00  Improved Nano-Repair  
  63  15:03  SCV, Supply Depot  
  64  15:23  Spinning Dizzy  
  64  15:26  Devastation Turret  
  64  15:36  Supply Depot  
  64  15:44  Spinning Dizzy  
  64  15:54  Spinning Dizzy  
  64  16:00  Supply Depot  
  64  16:02  Spinning Dizzy  
  64  16:06  Devastation Turret  
  64  16:08  Wraith  
  64  16:09  Science Vessel  
  68  16:10  Science Vessel  
  68  16:15  Wraith, Devastation Turret  
  72  16:30  Supply Depot  
  72  16:34  Devastation Turret  
  72  16:39  Terran Vehicle and Ship Weapons Level 2  
  72  16:46  Spinning Dizzy  
  72  16:48  Wraith  
  74  16:55  Wraith  
  74  16:57  Science Vessel x2  
  79  17:07  Devastation Turret  
  79  17:16  Spinning Dizzy  
  79  17:28  Wraith  
  81  17:35  Wraith  
  81  17:37  Spinning Dizzy  
  83  17:45  Science Vessel x2  
  87  17:57  Devastation Turret  
  87  18:08  Wraith  
  89  18:15  Wraith  
  89  18:16  Supply Depot  
  91  18:33  Science Vessel x2  
  95  18:40  Supply Depot  
  95  18:48  Wraith  
  97  18:55  Wraith  
  99  19:04  Supply Depot  
  91  19:21  Wraith x2  
  91  19:26  Supply Depot  
  91  19:28  Wraith  
  97  19:35  Wraith  
  99  19:43  Supply Depot  
  99  19:49  Terran Vehicle And Ship Armor Level 2  
  99  20:01  Wraith x2  
  99  20:08  Wraith, Devastation Turret  
  105  20:15  Wraith  
  107  20:28  Spinning Dizzy  
  107  20:39  Devastation Turret  
  99  20:41  Wraith x2  
  99  20:48  Wraith  
  105  20:55  Wraith  
  105  20:56  Spinning Dizzy  
  97  21:21  Wraith x2  
  97  21:28  Wraith  
  103  21:35  Wraith  
  105  22:01  Wraith x2  
  105  22:08  Wraith  
  111  22:15  Wraith  
  113  22:26  Spinning Dizzy  
  113  22:35  Spinning Dizzy  
  113  22:41  Wraith x2  
  113  22:46  Devastation Turret  
  113  22:48  Wraith  
  119  22:55  Wraith, Devastation Turret  
  116  23:21  Wraith x2  
  116  23:28  Wraith  
  122  23:35  Wraith  
  97  24:01  Wraith  
  97  24:08  Wraith  
  83  24:15  Wraith  
  77  24:27  Science Vessel  
  71  24:40  Wraith  
  71  24:48  Wraith  
  75  24:54  Wraith  
  77  25:05  Spinning Dizzy  
  77  25:13  Spinning Dizzy  
  77  25:15  Science Vessel  
  78  25:20  Spinning Dizzy, Wraith  
  78  25:26  Devastation Turret  
  78  25:27  Wraith  
  82  25:33  Devastation Turret  
  82  25:34  Wraith  
  84  25:41  Devastation Turret  
  84  25:44  Perdition Turret  
  84  25:45  Perdition Turret  
Show
View Real Time Build Order
Export as new Build Order

Helmes Terran 

Build Orders:  

Get SALT Encoding   

  12  0:04  SCV  
  13  0:21  SCV  
  14  0:32  Supply Depot  
  14  0:38  SCV  
  15  0:52  Refinery  
  15  1:02  SCV  
  15  1:08  Barracks  
  16  1:19  SCV  
  17  1:29  Supply Depot  
  17  1:36  SCV  
  18  1:46  Barracks Tech Lab  
  18  1:53  SCV  
  19  2:01  Supply Depot  
  19  2:10  SCV  
  19  2:11  Refinery  
  19  2:18  Unknown, Marine  
  21  2:27  SCV  
  22  2:30  Marine  
  23  2:43  Medic  
  23  2:44  SCV  
  26  3:00  Supply Depot  
  26  3:01  SCV  
  27  3:12  Marine  
  27  3:18  SCV  
  29  3:25  Engineering Bay  
  29  3:35  SCV  
  29  3:36  Marine  
  31  3:52  SCV  
  31  3:58  Medic  
  34  4:08  Stabilizer Medpacks, Unknown  
  34  4:09  SCV  
  35  4:26  SCV  
  35  4:29  Supply Depot  
  36  4:43  SCV  
  37  4:58  Terran Infantry Weapons Level 1  
  37  5:02  Marine  
  38  5:13  Supply Depot  
  38  5:15  Marine  
  39  5:20  Factory  
  39  5:34  Medic  
  41  5:48  Supply Depot  
  41  5:54  Marine  
  42  6:06  Marine  
  43  6:30  Supply Depot  
  43  6:31  Medic, Command Center  
  43  6:39  SCV  
  46  6:51  Armory  
  46  7:01  Supply Depot  
  46  7:12  Marine  
  47  7:24  Marine  
  48  7:36  Medic  
  48  7:38  Terran Infantry Armor Level 1  
  50  7:45  Supply Depot  
  50  7:49  Medic  
  52  8:01  Marine  
  53  8:12  SCV  
  53  8:14  Marine  
  53  8:17  Supply Depot  
  55  8:26  Marine  
  55  8:29  SCV  
  57  8:39  Marine  
  58  8:46  SCV  
  59  8:50  Supply Depot  
  59  8:51  Marine  
  60  9:03  SCV, Marine  
  62  9:16  Marine  
  63  9:20  SCV  
  63  9:26  Supply Depot  
  63  9:28  Marine  
  65  9:37  SCV  
  66  9:41  Marine  
  67  9:53  Medic  
  67  9:54  SCV  
  67  9:57  Supply Depot  
  70  10:06  Medic  
  72  10:11  SCV  
  72  10:18  Terran Infantry Weapons Level 2, Marine  
  74  10:27  SCV  
  74  10:29  Supply Depot  
  75  10:31  Marine  
  76  10:43  Marine  
  76  10:44  SCV  
  78  10:55  Medic  
  80  11:00  Supply Depot  
  80  11:01  SCV  
  80  11:08  Medic  
  80  11:18  SCV  
  81  11:20  Marine  
  80  11:33  Marine  
  80  11:35  SCV  
  79  11:45  Marine  
  80  11:58  Marine  
  81  12:10  Marine  
  81  12:13  Supply Depot  
  81  12:19  SCV  
  83  12:22  Marine  
  84  12:35  Marine  
  84  12:36  SCV  
  86  12:45  Supply Depot  
  86  12:47  Medic  
  88  12:53  SCV  
  88  12:56  Barracks  
  89  13:00  Medic  
  91  13:10  SCV  
  91  13:16  Supply Depot  
  92  13:28  Terran Infantry Armor Level 2  
  92  13:40  Marine x2  
  92  13:48  Supply Depot  
  94  13:52  Marine  
  94  13:53  Marine  
  96  14:04  Marine  
  96  14:05  Marine  
  98  14:17  Marine  
  98  14:18  Marine  
  98  14:19  Supply Depot  
  100  14:30  Marine  
  100  14:38  Barracks Tech Lab  
  102  14:43  Medic  
  104  14:52  Supply Depot  
  104  14:54  Marine  
  104  14:55  Medic  
  106  15:07  Marine, Medic  
  109  15:19  Marine  
  109  15:20  Marine  
  111  15:32  Marine x2  
  113  15:44  Marine  
  113  15:45  Marine  
  115  15:57  Marine x2  
  117  16:09  Medic  
  117  16:10  Medic  
  121  16:21  Medic  
  121  16:22  Medic  
  125  16:34  Marine  
  125  16:35  Marine  
  125  16:38  Terran Infantry Weapons Level 3  
  127  16:46  Marine  
  127  16:47  Marine  
  129  16:59  Marine x2  
  130  17:11  Marine  
  130  17:12  Marine  
  130  17:24  Marine x2  
  132  17:36  Marine  
  132  17:37  Marine  
  134  17:49  Medic x2  
  138  18:01  Medic  
  138  18:02  Orbital Command, Medic  
  142  18:13  Medic  
  142  18:14  Marine  
  145  18:26  Marine x2  
  147  18:38  Marine  
  147  18:39  Marine  
  149  18:51  Marine x2  
  151  19:03  Marine  
  151  19:04  Marine  
  153  19:16  Marine x2  
  154  19:28  Marine  
  154  19:29  Marine  
  156  19:40  Marine  
  156  19:41  Marine  
  158  19:53  Marine  
  158  19:54  Marine  
  160  20:05  Marine  
  160  20:06  Marine  
  162  20:18  Marine x2, Terran Infantry Armor Level 3  
  164  20:30  Medic  
  164  20:31  Medic  
  167  21:00  Marine  
  167  21:01  Marine  
  169  21:13  Marine x2  
  171  21:25  Marine  
  171  21:26  Marine  
  173  21:38  Marine x2  
  175  21:50  Marine  
  175  21:51  Marine  
  177  22:03  Medic x2  
  181  22:15  Medic  
  181  22:16  Marine  
  184  22:27  Marine  
  184  22:28  Marine  
  186  22:40  Marine  
  186  22:41  Marine  
  188  22:52  Marine  
  188  22:53  Marine  
  189  23:05  Marine x2  
  191  23:17  Marine  
  191  23:18  Marine  
  193  23:30  Marine x2  
  195  23:42  Marine  
  195  23:43  Marine  
  197  23:54  Marine  
  197  23:55  Marine  
  197  23:58  Structure Armor  
  199  24:07  Marine  
  199  24:08  Neosteel Frame  
  200  24:19  Marine  
  193  24:28  Marine  
  195  24:32  Marine  
  196  24:41  Marine  
  196  24:44  Marine  
  198  24:53  Marine  
  198  24:57  Marine  
  199  25:20  Marine  
Tags
 
Commander
RaynorSwann
Matchup
Co-op
Replay Pack
Multiplayer
Add a new tag
Caveats
  • Supply blocks, unpowered buildings, or Contaminate may cause inaccurate times.
  • Supply counts are checked every 10 seconds.